 Dungeon Crawl Stone Soup version 0.27.1-1-g398f81649c (webtiles) character file.

Game seed: 9994988368172613510

675 Borgoz the Skirmisher (level 7, 0/45 HPs)
             Began as a Gargoyle Berserker on Sept 19, 2021.
             Was a Priest of Trog.
             Slain by an orc wizard (1 damage)
             ... on level 5 of the Dungeon.
             The game lasted 00:04:27 (4261 turns).

Borgoz the Skirmisher (Gargoyle Berserker)          Turns: 4261, Time: 00:04:28

Health: 0/45       AC: 11    Str: 21    XL:     7   Next: 59%
Magic:  7/7        EV: 12    Int:  7    God:    Trog [***...]
Gold:   225        SH:  0    Dex: 11    Spells: 6/6 levels left

rFire    . . .     SeeInvis .   a - +0 mace
rCold    . . .     Faith    .   (no shield)
rNeg     + + .     Spirit   .   d - +3 leather armour {Will+}
rPois    ∞         Reflect  .   (no helmet)
rElec    +         Harm     .   (no cloak)
rCorr    .         Rampage  .   (no gloves)
Will     +++..                  (no boots)
Stlth    +.........             (no amulet)
HPRegen  1.15/turn              o - ring of positive energy
MPRegen  0.10/turn              (no ring)

@: strong-willed (expiring), on berserk cooldown, regenerating (expiring),
slowed, very slow
A: sickness immunity, AC +4, negative energy resistance 1, electricity
resistance, torment resistance 1, petrification resistance
a: Renounce Religion, Berserk, Trog's Hand


You were on level 5 of the Dungeon.
You worshipped Trog.
Trog was most pleased with you.
You visited 1 branch of the dungeon, and saw 5 of its levels.

You collected 225 gold pieces.

Inventory:

Hand Weapons
 a - a +0 mace (weapon)
 b - a +0 flail
Armour
 d - a +3 leather armour of willpower (worn)
Jewellery
 m - a ring of ice
 o - a ring of positive energy (left hand)
Scrolls
 c - a scroll of magic mapping {unknown}
 g - 3 scrolls of fog {unknown}
 h - 2 scrolls of fear {unknown}
 j - 3 scrolls of enchant weapon {unknown}
 l - a scroll of noise {unknown}
 q - a scroll of enchant armour {unknown}
 r - a scroll of summoning {unknown}
Potions
 e - a potion of ambrosia {unknown}
 f - a potion of haste {unknown}
 i - a potion of degeneration {unknown}
 k - 2 potions of curing {unknown}
 n - 3 potions of flight {unknown}
 p - a potion of lignification {unknown}


   Skills:
 * Level 5.6 Fighting
 * Level 5.3 Maces & Flails
 * Level 5.0 Armour
 + Level 2.9 Dodging


You had 6 spell levels left.
You didn't know any spells.
Your spell library was empty.

Dungeon Overview and Level Annotations

Branches:
Dungeon (5/15)
 Temple: D:4-7

Altars:
Kikubaaqudgha
Qazlal

Shops:
D:4 :


Innate Abilities, Weirdness & Mutations

You are immune to sickness and miasma.
Your stone body is resilient. (AC +4)
You are immune to poison.
You resist negative energy. (rN+)
You are resistant to electric shocks. (rElec)
You are resistant to unholy torment.
You are immune to petrification.


Message History

The orc hits you but does no damage. The orc priest completely misses you.
Something hits you but does no damage.
Items here: )) ††.
You sock the orc priest!
The orc priest is severely wounded.
You thump the orc priest!
You kill the orc priest!
Trog accepts your kill. The orc closely misses you.
You hear some strange, mumbled words.
You are confused.
You bump into the rock wall.
The orc hits you with a +0 dagger.
* * * LOW HITPOINT WARNING * * *
Something hits you but does no damage.
You barely miss the orc. You barely miss the orc.
The orc hits you but does no damage. Something hits you but does no damage.
You miss something. The orc misses you. Something hits you but does no damage.
You barely miss the orc. The orc hits you but does no damage.
Something hits you but does no damage.
You barely miss something. You miss something. The orc closely misses you.
Something hits you.
* * * LOW HITPOINT WARNING * * *
You completely miss the orc. The orc hits you but does no damage.
Something hits you but does no damage. The orc hits you but does no damage.
Things that are here:
a +0 trident; an orc corpse You bump into the rock wall.
You feel a strong urge to attack something.
You feel less confused.
You are no longer berserk.
You are exhausted.
You feel yourself slow down.
Your skin crawls.
You feel strong-willed.
You feel the effects of Trog's Hand fading.
The orc hits you but does no damage. Something hits you.
* * * LOW HITPOINT WARNING * * *
The orc closely misses you. Something hits you.
You die...

#....# ##....#
#..... ########
#.... .......#
##.#.# #####.##
##..#.## #.#
#>.....# #####<#
#.#..#{##
#.....####.#..#o@#
#.#####.......##.#
..###...##.##.##.#
.###..####.##.##.#
####.##....##.##.#
.#...#..#####.##.#
.#.##.)## #.#...
.#.##.## #.#...
......# #.#


You could see an orc.

Vanquished Creatures
  Sigmund (D:4)
  3 ogres
  An orc priest (D:5)
  Jessica (D:2)
  An iguana (D:4)
  An orc wizard (D:3)
  A hound zombie (D:3)
  5 adders
  2 adder skeletons
  5 worms
  2 dart slugs (D:1)
  9 orcs
  8 ball pythons
  8 bats
  2 endoplasms
  9 giant cockroaches
  8 goblins
  7 hobgoblins
  2 jackals (D:4)
  2 quokkas
  4 frilled lizards
  A jackal skeleton (D:3)
  6 kobolds
  A quokka zombie (D:3)
  3 rats
93 creatures vanquished.

Vanquished Creatures (others)
  5 withered plants (D:3)
5 creatures vanquished.

Grand Total: 98 creatures vanquished

Notes
Turn   | Place    | Note
-------+----------+-------------------------------------------
     0 | D:1      | Borgoz the Gargoyle Berserker began the quest for the Orb.
     0 | D:1      | Reached XP level 1. HP: 14/14 MP: 1/1
   149 | D:1      | Reached XP level 2. HP: 19/19 MP: 2/2
   693 | D:1      | Reached XP level 3. HP: 20/24 MP: 3/3
  1109 | D:1      | Found a faded altar of an unknown god.
  1434 | D:2      | Reached ** piety under Trog
  1651 | D:2      | Reached XP level 4. HP: 29/29 MP: 4/4
  2178 | D:2      | Noticed Jessica
  2182 | D:2      | Killed Jessica
  2183 | D:2      | Reached XP level 5. HP: 33/33 MP: 5/5
  2626 | D:3      | Found a stormy altar of Qazlal.
  2942 | D:3      | Reached *** piety under Trog
  3256 | D:4      | Noticed Sigmund
  3269 | D:4      | Killed Sigmund
  3270 | D:4      | Reached skill level 5 in Fighting
  3270 | D:4      | Reached XP level 6. HP: 40/40 MP: 6/6
  3316 | D:4      | Reached XP level 7. HP: 44/44 MP: 7/7
  3360 | D:4      | Reached skill level 5 in Maces & Flails
  3673 | D:4      | Found an ancient bone altar of Kikubaaqudgha.
  4014 | D:4      | Found Opliruwk's Book Shoppe.
  4142 | D:5      | Entered Level 5 of the Dungeon
  4181 | D:5      | Reached skill level 5 in Armour
  4257 | D:5      | HP: 3/67 [something (2)]
  4261 | D:5      | HP: 1/45 [something (2)]
  4261 | D:5      | Slain by an orc wizard

Illustrated notes

Levels and vault maps discovered:
D:1:      nzn_arrival_settlement, layout_loops_corners,
          shapermc_ecumenical_altar_ellora, nrook_mini_backslash,
          minmay_worlds_worst_comb
D:2:      layout_basic, kennysheep_jessica_study
D:3:      layout_loops_cross, lemuel_doored_altar, serial_undead,
          serial_undead_f, serial_undead_c, serial_undead_b, serial_undead_d
D:4:      layout_rooms, amcnicky_altar_gilded, serial_shops,
          nicolae_shop_behind_doors, serial_rivers,
          chequers_serial_rivers_micro_d, chequers_serial_rivers_micro_b,
          chequers_serial_rivers_large_b, chequers_serial_rivers_micro_c,
          uniq_sigmund
D:5:      layout_rooms, lemuel_tele_altar

Skill      XL: |  1  2  3  4  5  6  7 |
---------------+----------------------+-----
Fighting       | 4 5 |  5.6
Armour         | 3 4 5 |  5.0
Dodging        | 2 |  2.9
Maces & Flails | 4 5 |  5.3

Action                   |  1- 3 |  4- 6 |  7- 9 || total
-------------------------+-------+-------+-------++-------
Melee: Mace              |   168 |   187 |    58 ||   413
Invok: Berserk           |       |     3 |     2 ||     5
       Trog's Hand       |       |     1 |     1 ||     2
 Stab: Sleeping          |     3 |       |       ||     3
Armor: Animal skin       |    12 |       |       ||    12
       Leather armour    |    82 |    86 |    29 ||   197
Dodge: Dodged            |   122 |   131 |    41 ||   294
